 Dungeon Crawl Stone Soup version 0.28-a0-938-gbc3f381ebc (webtiles) character file.

Game seed: 1670557565108832797

401 derath95 the Digger (level 6, 0/32 HPs)
             Began as a Gargoyle Earth Elementalist on Nov 29, 2021.
             Killed from afar by a white imp (2 damage)
             ... with a puff of frost
             ... on level 4 of the Dungeon.
             The game lasted 00:16:17 (4617 turns).

derath95 the Digger (Gargoyle Earth Elementalist)   Turns: 4617, Time: 00:16:18

Health: 0/32       AC:  7    Str: 11    XL:     6   Next: 85%
Magic:  10/11      EV: 12    Int: 18    God:
Gold:   88         SH:  0    Dex: 10    Spells: 8/14 levels left

rFire   . . .      SeeInvis +   h - +1 war axe
rCold   . . .      Faith    +   (no shield)
rNeg    + . .      Spirit   .   b - +1 robe
rPois   ∞          Reflect  .   (no helmet)
rElec   +          Harm     .   (no cloak)
rCorr   .          Rampage  .   (no gloves)
Will    .....                   (no boots)
Stlth   ++........              o - amulet of faith
HPRegen 0.10/turn               t - ring of see invisible
MPRegen 0.12/turn               (no ring)

@: no status effects
A: sickness immunity, AC +4, negative energy resistance 1, electricity
resistance, torment resistance 1, petrification resistance, low mp 1, evolution
1
a: no special abilities


You were on level 4 of the Dungeon.
You visited 1 branch of the dungeon, and saw 4 of its levels.

You collected 88 gold pieces.

Inventory:

Hand Weapons
 d - a +1 antimagic dagger
 h - a +1 war axe (weapon)
 i - a +0 flail
 u - a +1 short sword of electrocution
Missiles
 c - 100 stones
 q - 2 throwing nets
Armour
 b - a +1 robe (worn)
Jewellery
 j - an amulet of reflection
 o - an amulet of faith (around neck)
 t - a ring of see invisible (left hand)
Scrolls
 g - a scroll of magic mapping
 k - 2 scrolls of identify
 l - 5 scrolls of teleportation
Potions
 a - 2 potions of berserk rage
 e - a potion of ambrosia
 f - a potion of mutation


   Skills:
 - Level 0.3 Short Blades
 - Level 1.6 Dodging
 - Level 2.4 Stealth
 - Level 0.5 Unarmed Combat
 + Level 4.5 Spellcasting
 - Level 0.7 Transmutations
 + Level 6.8 Earth Magic


You had 8 spell levels left.
You knew the following spells:

 Your Spells              Type           Power      Damage    Failure   Level
a - Sandblast             Erth           56%        2d13      1%          1
b - Passwall              Tmut/Erth      14%        N/A       4%          2
c - Stone Arrow           Conj/Erth      32%        3d9       11%         3

Your spell library contained the following spells:

 Spells                   Type           Power      Damage    Failure   Level
 Petrify                  Tmut/Erth      17%        N/A       30%         4
 Gell's Gravitas          Tloc           4%         N/A       38%         3
 Teleport Other           Tloc           4%         N/A       38%         3
 Olgreb's Toxic Radiance  Pois           4%         N/A       80%         4
 Dispersal                Tloc           2%         N/A       100%        6
 Ozocubu's Refrigeration  Ice            2%         4d5       100%        7
 Ignition                 Fire           2%         3d3       100%        8


Dungeon Overview and Level Annotations

Branches:
Dungeon (4/15)
 Temple: D:4-7

Altars:


Innate Abilities, Weirdness & Mutations

You are immune to sickness and miasma.
Your stone body is resilient. (AC +4)
You are immune to poison.
You resist negative energy. (rN+)
You are resistant to electric shocks. (rElec)
You are resistant to unholy torment.
You are immune to petrification.
Your magical capacity is low. (-10% MP)
You have hidden genetic potential.


Message History

A centaur, a white imp and a phantom come into view.
The white imp shouts!
You hear a shout!
An adder comes into view.
The centaur shouts!
An orc priest comes into view. It is wielding a +0 dagger.
The orc priest shouts!
The centaur wields a +0 shortbow.
The centaur shoots an arrow.
The arrow misses you.
A ball python comes into view.
The white imp gestures at you. The puff of frost misses you.
The centaur shoots an arrow.
The arrow hits you.
The centaur shoots an arrow.
The arrow hits you.
The centaur shoots an arrow.
The arrow barely misses you.
You slash the phantom!
The phantom is moderately damaged.
The phantom hits you but does no damage. x2
The orc priest calls down the wrath of Beogh upon you.
Beogh smites you!
You barely miss the phantom.
The phantom is moderately damaged.
The phantom hits you.
The phantom blinks!
You blink.
Casting: Sandblast (safe; 1% risk of failure)
Confirm with . or Enter, or press ? or * to list all spells.
Aiming: Sandblast (safe; 1% risk of failure)
Press: ? - help, Shift-Dir - straight line, f - phantom
Aim: a phantom (moderately damaged, 73% to hit)
The blast of sand hits the phantom!
The phantom is severely damaged.
The phantom hits you but does no damage.
The white imp hits you but does no damage.
You barely miss the phantom.
The phantom is severely damaged.
The phantom hits you.
The phantom blinks!
You blink.
The orc priest invokes the aid of Beogh against you.
Beogh smites you!
* * * LOW HITPOINT WARNING * * *
The white imp gestures at you. The puff of frost hits you.
You die...

.....†.......##.##..
########.###.##.####
#.###.##.#..
#.##...#.#.#
#.#.#.#..#.#
......#..#.#
#.#.###.##.#
#.##.....#W#
#........@.#
######...###
#.########.##
#.......§5.#
#########o.# #cS#
#..# ##)S#######.#
#..)..§.....#


You could see a phantom, a centaur, an orc priest and a white imp.

Vanquished Creatures
  Grinder (D:3)
  A scorpion (D:4)
  An orc priest (D:3)
  3 adders (D:2)
  A worm (D:2)
  4 dart slugs
  7 orcs (D:3)
  9 ball pythons
  5 endoplasms
  2 giant cockroaches
  8 goblins
  6 hobgoblins
  12 kobolds
  2 quokkas
  6 bats
  A frilled lizard (D:1)
  6 rats
75 creatures vanquished.

Vanquished Creatures (others)
  9 plants (D:2)
9 creatures vanquished.

Grand Total: 84 creatures vanquished

Notes
Turn   | Place    | Note
-------+----------+-------------------------------------------
     0 | D:1      | derath95 the Gargoyle Earth Elementalist began the quest
                  | for the Orb.
     0 | D:1      | Reached XP level 1. HP: 10/10 MP: 3/3
   289 | D:1      | Reached XP level 2. HP: 15/15 MP: 3/5
   293 | D:1      | Reached skill level 4 in Earth Magic
  1010 | D:1      | Reached XP level 3. HP: 16/19 MP: 6/6
  2291 | D:2      | Reached XP level 4. HP: 22/24 MP: 6/8
  2889 | D:2      | Reached skill level 5 in Earth Magic
  2899 | D:2      | Found a faded altar of an unknown god.
  3231 | D:3      | Learned a level 2 spell: Passwall
  3235 | D:3      | Learned a level 3 spell: Stone Arrow
  3481 | D:3      | Reached XP level 5. HP: 12/28 MP: 1/10
  4007 | D:3      | Noticed Grinder
  4012 | D:3      | Killed Grinder
  4013 | D:3      | Reached skill level 6 in Earth Magic
  4013 | D:3      | Reached XP level 6. HP: 32/32 MP: 6/12
  4292 | D:3      | Gained mutation: You are clumsy. (Dex -2) [potion of
                  | mutation]
  4292 | D:3      | Gained mutation: Your magical capacity is low. (-10% MP)
                  | [potion of mutation]
  4292 | D:3      | Gained mutation: You have hidden genetic potential. [potion
                  | of mutation]
  4292 | D:3      | Lost mutation: You are clumsy. (Dex -2) [potion of
                  | mutation]
  4617 | D:4      | Killed from afar by a white imp

Illustrated notes

Levels and vault maps discovered:
D:1:      dpeg_arrival_boxorama, layout_basic, serial_co_window_serial,
          co_window_of_opportunity_a, co_window_paths_a,
          co_window_of_opportunity_a, co_window_paths_a, co_window_paths_a,
          co_window_of_opportunity_c, co_window_paths_c, co_window_2corner,
          glass_columns_a, glass_columns_a, glass_columns_c,
          minmay_misc_feat_cross, hex_intersection, minivault_19,
          minmay_tree_intersection
D:2:      layout_basic, shapermc_ecumenical_altar_mp_ritualfount
D:3:      layout_loops_ring, minmay_large_rounded_square, chequers_garden,
          uniq_grinder
D:4:      cheibrodos_helix_gallery, layout_loops_ring, cheibriados_altar_1

Skill      XL: |  1  2  3  4  5 |
---------------+----------------+-----
Earth Magic    | 4 5 6 |  6.8
Spellcasting   | 3 4 |  4.5
Short Blades   | |  0.3
Dodging        | |  1.6
Stealth        | |  2.4
Unarmed Combat | |  0.5
Transmutations | |  0.7

Action                   |  1- 3 |  4- 6 || total
-------------------------+-------+-------++-------
Melee: Unarmed           |    10 |       ||    10
       Dagger            |    45 |       ||    45
       War axe           |    55 |   105 ||   160
 Cast: Sandblast         |     7 |    39 ||    46
  Use: Scroll            |       |     9 ||     9
       Potion            |       |     4 ||     4
 Stab: Sleeping          |     9 |     6 ||    15
Armor: Robe              |    41 |    52 ||    93
Dodge: Dodged            |    63 |    74 ||   137

Table legend: (Time is in decaauts)
 A = Elapsed time spent in this place.
 B = Non-inter-level travel time spent in this place.
 C = Inter-level travel time spent in this place.
 D = Time resting spent in this place.
 E = Time spent auto-exploring this place.
 F = Levels seen in this place.
 G = Mean time per level.
                   A        B        C        D        E       F      G
               +--------+--------+--------+--------+--------+-----+--------+
         Total |   4707 |   4637 |     70 |    227 |   3380 |   4 | 1176.8 |
       Dungeon |   4707 |   4637 |     70 |    227 |   3380 |   4 | 1176.8 |
               +--------+--------+--------+--------+--------+-----+--------+

Top non-repeatable levels by time:
     D:2: 1669 daAuts
     D:1: 1602 daAuts
     D:3: 1105 daAuts
     D:4: 329 daAuts
